 Dungeon Crawl Stone Soup version 0.29-a0-676-ga64570c9d2 (webtiles) character file.

Game seed: 16659656114223109976

26 happo123 the Digger (level 3, 0/20 HPs)
             Began as a Gargoyle Earth Elementalist on June 24, 2022.
             Slain by Terence
             ... wielding a +2 vorpal hand axe
              (1 damage)
             ... on level 2 of the Dungeon.
             The game lasted 00:04:55 (573 turns).

happo123 the Digger (Gargoyle Earth Elementalist)    Turns: 573, Time: 00:04:55

Health: 0/20       AC:  5    Str: 11    XL:     3   Next: 8%
Magic:  0/6        EV: 12    Int: 17    God:
Gold:   103        SH:  0    Dex: 10    Spells: 2/6 levels left

rFire   . . .      SeeInvis .   e - +0 whip
rCold   . . .      Faith    .   (no shield)
rNeg    + . .      Spirit   .   a - +0 robe
rPois   ∞          Reflect  .   (no helmet)
rElec   +          Harm     .   (no cloak)
rCorr   .          Rampage  .   (no gloves)
Will    +....                   (no boots)
Stlth   ++........              (no amulet)
HPRegen 0.06/turn               j - ring of willpower
MPRegen 0.10/turn               (no ring)

@: no status effects
A: sickness immunity, AC +3, negative energy resistance 1, electricity
resistance, torment resistance 1, petrification resistance
a: no special abilities


You were on level 2 of the Dungeon.
You visited 1 branch of the dungeon, and saw 2 of its levels.

You collected 103 gold pieces.

Inventory:

Hand Weapons
 e - a +0 whip (weapon)
Armour
 a - a +0 robe (worn)
 f - a +0 leather armour
Jewellery
 j - a ring of willpower (left hand)
Scrolls
 c - a scroll of torment {unknown}
 g - a scroll of vulnerability {unknown}
Potions
 b - a potion of magic
 d - a potion of might {unknown}
 h - a potion of ambrosia {unknown}
 i - a potion of mutation {unknown}
 k - a potion of attraction {unknown}


   Skills:
 + Level 0.6 Fighting
 + Level 0.6 Armour
 + Level 1.7 Dodging
 + Level 2.4 Stealth
 + Level 2.1 Spellcasting
 * Level 1.2 Transmutations
 * Level 4.0 Earth Magic


You had 2 spell levels left.
You knew the following spells:

 Your Spells              Type           Power      Damage    Failure   Level
a - Sandblast             Erth           30%        2d9       3%          1
b - Stone Arrow           Conj/Erth      16%        3d8       26%         3

Your spell library contained the following spells:

 Spells                   Type           Power      Damage    Failure   Level
 Passwall                 Tmut/Erth      8%         N/A       10%         2
 Inner Flame              Hex/Fire       1%         N/A       50%         3
 Petrify                  Tmut/Erth      10%        N/A       54%         4
 Cause Fear               Hex            0%         N/A       88%         4
 Discord                  Hex            0%         N/A       100%        8


Dungeon Overview and Level Annotations

Branches:
Dungeon (2/15)

Altars:

Annotations:
D:2 Terence


Innate Abilities, Weirdness & Mutations

You are immune to sickness and miasma.
Your stone body is resilient. (AC +3)
You are immune to poison.
You resist negative energy. (rN+)
You are resistant to electric shocks. (rElec)
You are resistant to unholy torment.
You are immune to petrification.


Message History

There is an escape hatch in the floor here.
Casting: Sandblast (safe; 3% risk of failure)
Confirm with . or Enter, or press ? or * to list all spells.
The spell is extremely dangerous to miscast (26% risk of failure)!
Continue anyway?
Aiming: Stone Arrow (extremely dangerous; 26% risk of failure)
Press: ? - help, Shift-Dir - straight line, f - Terence
Aim: Terence, wielding a +2 vorpal hand axe and wearing a +0 ring mail (69% to hit)
The stone arrow hits Terence!
Terence is moderately wounded.
Casting: Stone Arrow (extremely dangerous; 26% risk of failure)
Confirm with . or Enter, or press ? or * to list all spells.
The spell is extremely dangerous to miscast (26% risk of failure)!
Continue anyway?
Okay, then.
Aiming: Sandblast (safe; 3% risk of failure)
Press: ? - help, Q - select action Shift-Dir - straight line, f/p - Terence
Aim: Terence, wielding a +2 vorpal hand axe and wearing a +0 ring mail (moderately wounded, 82% to hit)
The blast of sand hits Terence.
Terence is severely wounded.
Terence says, "Did you write a will?
You should..."
Aiming: Sandblast (safe; 3% risk of failure)
Press: ? - help, Q - select action Shift-Dir - straight line, f/p - Terence
Aim: Terence, wielding a +2 vorpal hand axe and wearing a +0 ring mail (severely wounded, 82% to hit)
The blast of sand hits Terence but does no damage.
Terence is severely wounded.
Terence barely misses you. Terence says, "Did you write a will?
You should..."
Terence hits you with a +2 vorpal hand axe!
Aiming: Sandblast (safe; 3% risk of failure)
Press: ? - help, Q - select action Shift-Dir - straight line, f/p - Terence
Aim: Terence, wielding a +2 vorpal hand axe and wearing a +0 ring mail (severely wounded, 82% to hit)
The blast of sand hits Terence.
Terence is almost dead.
Terence says, "Did you write a will?
You should..."
Terence hits you with a +2 vorpal hand axe.
Terence completely misses you.
You barely miss Terence.
Terence is almost dead.
Terence hits you with a +2 vorpal hand axe.
* * * LOW HITPOINT WARNING * * *
You die...

####.###.... ...
#.# ##### #.# #.#
#.# #.# #.# #.# #.#
#.# #.# #.# #.# #.#
#@# #.# ######@#
#.# ##......#
#.#####.......##
#....##...........
#....##...........#
#....###'#........#
####..[.#
#.#####....#
........###'####
....#
.......†.......#
....#


You could see Terence.

Vanquished Creatures
  2 dart slugs
  2 bats (D:1)
  2 endoplasms
  A goblin (D:1)
  2 hobgoblins (D:1)
  2 quokkas (D:2)
  A ball python (D:1)
  2 frilled lizards
  7 kobolds
  A rat (D:2)
22 creatures vanquished.

Notes
Turn   | Place    | Note
-------+----------+-------------------------------------------
     0 | D:1      | happo123 the Gargoyle Earth Elementalist began the quest
                  | for the Orb.
     0 | D:1      | Reached XP level 1. HP: 10/10 MP: 3/3
   183 | D:1      | Reached skill level 1 in Transmutations
   183 | D:1      | Reached XP level 2. HP: 15/15 MP: 3/5
   425 | D:2      | Reached skill level 4 in Earth Magic
   427 | D:2      | Reached XP level 3. HP: 20/20 MP: 2/6
   431 | D:2      | Learned a level 3 spell: Stone Arrow
   564 | D:2      | Noticed Terence
   573 | D:2      | HP: 1/20 [Terence/+2 vorpal hand axe (6)]
   573 | D:2      | Slain by Terence

Illustrated notes

Levels and vault maps discovered:
D:1:      dpeg_arrival_short_road, layout_rooms, dreamdust_mushroom_princess,
          serial_bayou_crossing
D:2:      layout_basic, hellmonk_ecumenical_altar_blasted,
          minmay_small_reverse_x, uniq_terence

Skill      XL: |  1  2 |
---------------+-------+-----
Transmutations | 1 |  1.2
Earth Magic    | 4 |  4.0
Fighting       | |  0.6
Armour         | |  0.6
Dodging        | |  1.7
Stealth        | |  2.4
Spellcasting   | |  2.1

Action                   || total
-------------------------++-------
Melee: Unarmed           ||     7
       Whip              ||    13
       Punch             ||     1
 Cast: Sandblast         ||    28
       Stone Arrow       ||     1
Armor: Robe              ||    10
Dodge: Dodged            ||    32

Table legend: (Time is in decaauts)
 A = Elapsed time spent in this place.
 B = Non-inter-level travel time spent in this place.
 C = Inter-level travel time spent in this place.
 D = Time resting spent in this place.
 E = Time spent auto-exploring this place.
 F = Levels seen in this place.
 G = Mean time per level.
                   A        B        C        D        E       F      G
               +--------+--------+--------+--------+--------+-----+--------+
         Total |    612 |    297 |    315 |      0 |    121 |   2 |  306.0 |
       Dungeon |    612 |    297 |    315 |      0 |    121 |   2 |  306.0 |
               +--------+--------+--------+--------+--------+-----+--------+

Top non-repeatable levels by time:
     D:1: 446 daAuts
     D:2: 165 daAuts
